 Dungeon Crawl Stone Soup version 0.20-a0-2-g2b0e13a (webtiles) character file.

304 yukitheduck the Conjurer (level 6, -3/45 HPs)
             Began as a Centaur Venom Mage on Oct 29, 2016.
             Was a Follower of Dithmenos.
             Slain by a phantom (9 damage)
             ... on level 4 of the Dungeon.
             The game lasted 00:27:22 (4206 turns).

yukitheduck the Conjurer (Centaur Venom Mage)       Turns: 4206, Time: 00:27:22

Health: -3/45      AC:  8    Str:  9    XL:     6   Next: 15%
Magic:  8/8        EV:  9    Int: 16    God:    Dithmenos [*.....]
Gold:   207        SH:  0    Dex:  9    Spells: 2 memorised, 3 levels left

rFire  . . .     SeeInvis .     (no weapon)
rCold  + . .     Gourm    .     a - +0 robe
rNeg   . . .     Faith    .     (no shield)
rPois  .         Spirit   .     v - +2 hat
rElec  .         Reflect  .     (no cloak)
rCorr  .         Harm     .     (no gloves)
MR     .....                    (no barding)
Stlth  ++........               (no amulet)
                                w - ring of protection from cold
                                h - -2 ring of dexterity (curse)

@: wreathed by umbra, very quick
A: hooves 3, horns 1, icy blue scales 1, thin skeletal structure 1, deformed
body, speed 2, tough skin 3, weak 1, MP-powered wands
a: Renounce Religion


You were on level 4 of the Dungeon.
You worshipped Dithmenos.
Dithmenos was aware of your devotion.
You were very hungry.

You visited 1 branch of the dungeon, and saw 4 of its levels.

You collected 207 gold pieces.

Inventory:

Armour
 a - a +0 robe (worn)
 v - a +2 hat (worn)
Jewellery
 e - an uncursed ring of flight
 h - a cursed -2 ring of dexterity (left hand)
 s - an uncursed ring of see invisible
 w - a ring of protection from cold (right hand)
Scrolls
 j - a scroll of teleportation
 k - a scroll of enchant armour
 r - a scroll of blinking
Potions
 u - 3 potions of brilliance
Books
 b - a Young Poisoner's Handbook

   Spells                             Type                      Level
   a - Sting                          Conjuration/Poison           1
   b - Mephitic Cloud                 Conjuration/Poison/Air       3
   c - Olgreb's Toxic Radiance        Poison                       4
   d - Alistair's Intoxication        Transmutation/Poison         5
   e - Venom Bolt                     Conjuration/Poison           5
Comestibles
 c - 3 bread rations
 d - 2 slices of pizza
 i - 3 meat rations
 m - a beef jerky


   Skills:
 - Level 1.3 Dodging
 - Level 1.1 Stealth
 - Level 1.5 Spellcasting
 + Level 5.5 Conjurations
 - Level 3.2 Poison Magic


You had 3 spell levels left.
You knew the following spells:

 Your Spells              Type           Power        Failure   Level  Hunger
a - Sting                 Conj/Pois      ###.         4%          1    ##.....
b - Olgreb's Toxic Radia  Pois           ##......     63%         4    #####..


Dungeon Overview and Level Annotations

Branches:
Dungeon (4/15)
 Temple: D:4-7

Altars:
Dithmenos
Kikubaaqudgha
Sif Muna
Xom


Innate Abilities, Weirdness & Mutations

You have hooves in place of feet.
Armour fits poorly on your strangely shaped body.
You cover ground very quickly.
You have extremely tough skin. (AC +3)
You have a pair of small horns on your head.
You are partially covered in icy blue scales. (AC +2)
You have a somewhat thin skeletal structure. (Dex +2, Stealth)
You are weak. (Str -2)
You expend magic power (3 MP) to strengthen your wands.


Message History

The phantom hits you.
The phantom blinks!
The phantom hits you!
* * * LOW HITPOINT WARNING * * *
You are too injured to fight recklessly!
You are too injured to fight recklessly!
You are too injured to fight recklessly!
You are too injured to fight recklessly!
You closely miss the phantom. Your kick misses the phantom.
Your headbutt misses the phantom.
The phantom is lightly damaged.
You are feeling very hungry.
The phantom hits you but does no damage.
You closely miss the phantom. Your kick misses the phantom.
Your headbutt misses the phantom.
The phantom is lightly damaged.
The phantom barely misses you.
You barely miss the phantom.
The phantom is lightly damaged.
The phantom hits you!
You die...

######### ##.......#
############# #........#
#.........<..
#........#######............
#...........................
#.#####...........##........
#.# #...........##........ #.#
#....@W.....##........ #.#
##.###########........ #.#
#.#..................
#.######(#.#########.#######
###>..........................
#....#####.#.#########.#######
#....# #.#.####### #.#######
#....#####.#.......###........
#....+...................[....


You could see a phantom.

Vanquished Creatures
  An ogre (D:4)
  2 hounds
  A worker ant (D:4)
  A hound skeleton (D:3)
  2 howler monkey skeletons (D:4)
  An ooze (D:1)
  An adder skeleton (D:4)
  2 worms
  2 dart slugs
  3 leopard geckos
  7 orcs (D:3)
  A ball python (D:3)
  4 giant cockroaches
  10 goblins
  5 hobgoblins
  8 jackals (D:4)
  9 kobolds
  2 quokkas (D:3)
  7 bats
  4 frilled lizards
  5 rats
78 creatures vanquished.

Notes
Turn   | Place    | Note
-------+----------+-------------------------------------------
     0 | D:1      | yukitheduck the Centaur Venom Mage began the quest for the Orb.
     0 | D:1      | Reached XP level 1. HP: 14/14 MP: 3/3
   252 | D:1      | Reached skill level 1 in Conjurations
   405 | D:1      | Reached XP level 2. HP: 20/20 MP: 1/4
   700 | D:1      | Reached skill level 2 in Conjurations
   950 | D:2      | Found a shimmering altar of Xom.
  1157 | D:2      | Reached XP level 3. HP: 26/26 MP: 3/5
  1394 | D:2      | Found a shadowy altar of Dithmenos.
  1405 | D:2      | Became a worshipper of Dithmenos the Shadowed
  2230 | D:3      | Reached skill level 3 in Conjurations
  2466 | D:3      | Reached XP level 4. HP: 11/33 MP: 1/6
  2582 | D:3      | Reached skill level 4 in Conjurations
  2588 | D:3      | Learned a level 4 spell: Olgreb's Toxic Radiance
  2644 | D:3      | Reached * piety under Dithmenos
  2845 | D:3      | Found a deep blue altar of Sif Muna.
  3299 | D:3      | Found a faded altar of an unknown god.
  3299 | D:3      | Found a faded altar of an unknown god.
  3306 | D:3      | Found a faded altar of an unknown god.
  3308 | D:3      | Found a deep blue altar of Sif Muna.
  3310 | D:3      | Found a faded altar of an unknown god.
  3314 | D:3      | Gained mutation: You have a somewhat thin skeletal structure. (Dex +2, Stealth) [potion of mutation]
  3314 | D:3      | Gained mutation: You expend magic power (3 MP) to strengthen your wands. [potion of mutation]
  3315 | D:3      | Gained mutation: You are weak. (Str -2) [potion of mutation]
  3315 | D:3      | Gained mutation: You are partially covered in icy blue scales. (AC +2) [potion of mutation]
  3315 | D:3      | Gained mutation: You have a pair of small horns on your head. [potion of mutation]
  3403 | D:4      | Reached XP level 5. HP: 21/38 MP: 0/7
  3912 | D:4      | Found an ancient bone altar of Kikubaaqudgha.
  3917 | D:4      | Reached skill level 5 in Conjurations
  4025 | D:4      | Noticed an ogre
  4044 | D:4      | Killed an ogre
  4044 | D:4      | Reached XP level 6. HP: 45/45 MP: 3/8
  4206 | D:4      | Slain by a phantom

Vault maps used:
D:1:      eino_arrival_water_star, st_stairs_8, patterned_corridor
D:2:      nicolae_dithmenos_through_a_glass_darkly, overflow_temple_1_default,
          first_bread, kennysheep_small_spiral
D:3:      chequers_temple_overflow_minitemple, led_sif_book
D:4:      nicolae_overflow_crystal_walls, serial_shops, shop_statue

Skill      XL: |  1  2  3  4  5 |
---------------+----------------+-----
Conjurations   | 1 2 3 4 5 |  5.5
Dodging        | |  1.3
Stealth        | |  1.1
Spellcasting   | |  1.5
Poison Magic   | |  3.2

Action                   |  1- 3 |  4- 6 || total
-------------------------+-------+-------++-------
Melee: Unarmed           |    24 |    85 ||   109
       Kick              |     6 |    12 ||    18
       Headbutt          |       |    10 ||    10
 Cast: Sting             |    73 |    68 ||   141
  Use: Potion            |     1 |     4 ||     5
       Scroll            |       |     9 ||     9
  Eat: Chunk             |     5 |     6 ||    11
Armor: Robe              |    18 |    43 ||    61
Dodge: Dodged            |    13 |    46 ||    59
